 Dungeon Crawl Stone Soup version 0.23.0-3-gf3c87f2 (webtiles) character file.

Game seed: 13112402711663102584

1824 zishaf the Arsonist (level 8, -3/41 HPs)
             Began as a Deep Elf Fire Elementalist on Feb 21, 2019.
             Slain by a killer bee (6 damage)
             ... on level 7 of the Dungeon.
             The game lasted 00:16:40 (7033 turns).

zishaf the Arsonist (Deep Elf Fire Elementalist)    Turns: 7033, Time: 00:16:40

Health: -3/41      AC:  7    Str:  6    XL:     8   Next: 86%
Magic:  4/20       EV: 17    Int: 26    God:
Gold:   392        SH:  0    Dex: 15    Spells: 11/21 levels left

rFire    . . .     SeeInvis .   a - +1 short sword (flame)
rCold    . . .     Gourm    .   (no shield)
rNeg     . . .     Faith    .   h - +0 robe
rPois    .         Spirit   .   (no helmet)
rElec    .         Reflect  .   (no cloak)
rCorr    .         Harm     .   (no gloves)
MR       .....                  (no boots)
Stlth    ++........             (no amulet)
HPRegen  0.13/turn              n - +4 ring of intelligence
MPRegen  0.17/turn              o - +5 ring of protection

@: very slightly contaminated, studying Dodging
A: no striking features
a: no special abilities


You were on level 7 of the Dungeon.
You were not hungry.

You visited 1 branch of the dungeon, and saw 7 of its levels.

You collected 392 gold pieces.

Inventory:

Hand Weapons
 a - a +1 short sword of flaming (weapon)
Armour
 h - a +0 robe (worn)
Jewellery
 j - an uncursed ring of fire {unknown}
 n - a +4 ring of intelligence (left hand)
 o - a +5 ring of protection (right hand)
Scrolls
 d - 4 scrolls of remove curse {unknown}
 e - 3 scrolls of teleportation {unknown}
 g - 2 scrolls of fog {unknown}
 k - 2 scrolls of enchant weapon {unknown}
 l - 6 scrolls of identify
 m - 2 scrolls of magic mapping {unknown}
 s - a scroll of random uselessness {unknown}
 t - a scroll of amnesia {unknown}
 u - 2 scrolls of blinking {unknown}
 v - a scroll of enchant armour {unknown}
 w - a scroll of fear {unknown}
 x - a scroll of vulnerability {unknown}
Potions
 b - a potion of heal wounds {unknown}
 f - 2 potions of brilliance {unknown}
 i - 3 potions of degeneration
 p - a potion of curing
 q - a potion of mutation {unknown}
 z - a potion of flight {unknown}
Books
 r - a manual of Dodging
Comestibles
 c - 6 rations
 A - a chunk of flesh


   Skills:
 + Level 8.2 Dodging
 - Level 3.0 Stealth
 + Level 7.2 Spellcasting
 + Level 5.5 Conjurations
 + Level 8.3 Fire Magic
 + Level 1.3 Air Magic


You had 11 spell levels left.
You knew the following spells:

 Your Spells              Type           Power        Failure   Level  Hunger
a - Flame Tongue          Conj/Fire      #####        1%          1    None
b - Shock                 Conj/Air       ####         1%          1    None
c - Conjure Flame         Conj/Fire      #####...     1%          3    None
z - Fireball              Conj/Fire      #####.....   10%         5    #####..

Your spell library contained the following spells:

 Spells                   Type           Power        Failure   Level  Hunger
 Throw Flame              Conj/Fire      #####.       1%          2    None
 Inner Flame              Hex/Fire       ####....     3%          3    None
 Sticky Flame             Conj/Fire      #####...     3%          4    ###....
 Static Discharge         Conj/Air       ####....     4%          3    None
 Swiftness                Chrm/Air       ##......     7%          2    None
 Airstrike                Air            ###.......   34%         4    ###....
 Lightning Bolt           Conj/Air       ####......   38%         5    #####..


Dungeon Overview and Level Annotations

Branches:
Dungeon (7/15)
 Temple: D:4-7

Altars:
Ashenzari
Gozag
Makhleb
Sif Muna
Trog
Uskayaw
Xom
Yredelemnul
Zin

Shops:
D:6 (

Annotations:
D:4 Grinder


Message History

i - 3 potions of degeneration You feel sick.
The killer bee closely misses you. The killer bee barely misses you. x2
The killer bee stings you but does no damage.
It was a potion of curing.
You feel better. The killer bee stings you. x2
The killer bee barely misses you. The killer bee completely misses you.
The killer bee barely misses you. The killer bee closely misses you.
The killer bee completely misses you. The killer bee barely misses you. x2
The killer bee closely misses you. The killer bee stings you!
* * * LOW HITPOINT WARNING * * *
You see here a scroll labeled QOSUKHL PATSUCA.
The killer bee barely misses you. The killer bee barely misses you.
The killer bee stings you.
* * * LOW HITPOINT WARNING * * *
The killer bee barely misses you.
An orc priest comes into view. It is wielding a +0 hand axe.
The killer bee completely misses you. The killer bee closely misses you.
The killer bee stings you.
You die...

#### #####..#
###.....##
##...###.#
######..#####.#
##......## ##@.#
###..###### #yy##
##...## #_o#
...### #.#####
#### ##?....#.
#####...?.....
#>(...........
#.##..........
#...)..o..........


You could see 2 killer bees and an orc.

Vanquished Creatures
  A hungry ghost (D:7)
  Edmund (D:5)
  2 phantoms
  An ice beast (D:6)
  3 ogres
  A centaur (D:7)
  A bullfrog (D:7)
  A scorpion (D:6)
  A killer bee (D:7)
  3 crimson imps
  2 jellies
  3 hounds (D:7)
  3 orc priests
  3 orc wizards
  An iguana (D:5)
  5 worker ants
  A hound skeleton (D:4)
  7 adders
  3 oozes
  2 adder skeletons
  9 worms
  3 dart slugs
  4 leopard geckos
  28 orcs
  6 bats
  4 giant cockroaches
  5 goblins
  9 hobgoblins
  6 jackals
  6 quokkas
  5 frilled lizards
  7 kobolds
  A leopard gecko zombie (D:5)
  2 quokka skeletons
  16 rats
  A spectral orc (D:3)
157 creatures vanquished.

Vanquished Creatures (others)
  4 plants (D:5)
4 creatures vanquished.

Grand Total: 161 creatures vanquished

Notes
Turn   | Place    | Note
-------+----------+-------------------------------------------
     0 | D:1      | zishaf the Deep Elf Fire Elementalist began the quest for
                  | the Orb.
     0 | D:1      | Reached XP level 1. HP: 10/10 MP: 6/6
   176 | D:1      | Reached XP level 2. HP: 15/15 MP: 2/8
   703 | D:1      | Reached XP level 3. HP: 19/19 MP: 6/9
  1338 | D:2      | Reached XP level 4. HP: 24/24 MP: 3/11
  1903 | D:2      | Noticed a moth of wrath
  1905 | D:2      | Found a bloodstained altar of Trog.
  2384 | D:2      | Learned a level 3 spell: Conjure Flame
  2476 | D:3      | Reached XP level 5. HP: 15/28 MP: 1/13
  2686 | D:3      | Found a basalt altar of Yredelemnul.
  3363 | D:3      | Found a deep blue altar of Sif Muna.
  3513 | D:4      | Reached skill level 5 in Fire Magic
  3692 | D:4      | Reached XP level 6. HP: 20/32 MP: 2/14
  3975 | D:4      | Found a glowing silver altar of Zin.
  4054 | D:4      | Noticed Grinder
  4067 | D:4      | Paralysed by Grinder for 3 turns
  4616 | D:4      | Paralysed by Grinder for 7 turns
  4750 | D:4      | Reached skill level 5 in Spellcasting
  4840 | D:4      | Reached XP level 7. HP: 36/36 MP: 11/16
  4870 | D:5      | Entered Level 5 of the Dungeon
  5070 | D:5      | Reached skill level 5 in Dodging
  5141 | D:5      | Learned a level 1 spell: Shock
  5540 | D:5      | Found a shattered altar of Ashenzari.
  5544 | D:5      | Saw a vision of the Swamp and the Spider Nest.
  5544 | D:5      | Noticed a redback
  5544 | D:5      | Noticed an alligator
  5544 | D:5      | Noticed a redback
  5544 | D:5      | Noticed an alligator
  5544 | D:5      | Noticed a redback
  5544 | D:5      | Noticed a redback
  5544 | D:5      | Noticed a wolf spider
  5544 | D:5      | Noticed an alligator
  5544 | D:5      | Noticed an alligator
  5544 | D:5      | Noticed a redback
  5891 | D:6      | Found Erphuukou's Weapon Boutique.
  5975 | D:6      | Noticed Edmund
  6040 | D:5      | Killed Edmund
  6040 | D:5      | Reached XP level 8. HP: 35/41 MP: 0/19
  6202 | D:6      | Learned a level 5 spell: Fireball
  6541 | D:6      | Found a burning altar of Makhleb.
  6582 | D:6      | Found a shimmering altar of Xom.
  6746 | D:7      | Reached skill level 5 in Conjurations
  6911 | D:7      | Found an opulent altar of Gozag.
  6982 | D:7      | Found a hide-covered altar of Uskayaw.
  7003 | D:7      | Reached skill level 1 in Air Magic
  7033 | D:7      | Slain by a killer bee

Skill      XL: |  1  2  3  4  5  6  7  8 |
---------------+-------------------------+-----
Dodging        | 3 4 6 8 |  8.2
Stealth        | 3 |  3.0
Fire Magic     | 4 5 6 7 8 |  8.3
Conjurations   | 2 3 4 5 |  5.5
Spellcasting   | 4 5 6 7 |  7.2
Air Magic      | 1 |  1.3

Action                   |  1- 3 |  4- 6 |  7- 9 || total
-------------------------+-------+-------+-------++-------
Melee: Unarmed           |     5 |       |       ||     5
       Short sword       |     1 |    18 |     9 ||    28
 Cast: Flame Tongue      |    61 |   164 |   180 ||   405
       Conjure Flame     |       |     2 |     3 ||     5
       Shock             |       |       |    17 ||    17
  Use: Scroll            |       |       |     1 ||     1
       Potion            |       |       |     1 ||     1
 Stab: Sleeping          |       |     3 |       ||     3
  Eat: Chunk             |     1 |     9 |     5 ||    15
       Ration            |       |     1 |     1 ||     2
Armor: Robe              |     7 |    21 |    19 ||    47
Dodge: Dodged            |    18 |    74 |    77 ||   169
